 Dungeon Crawl Stone Soup version 0.29.1-15-g9cfb28693d (webtiles) character file.

Game seed: 2783152622202470340

70 Descartes the Shield-Bearer (level 4, 0/37 HPs)
             Began as a Formicid Fighter on Apr 12, 2023.
             Slain by an orc
             ... wielding a +0 flail
              (7 damage)
             ... on level 3 of the Dungeon.
             The game lasted 00:03:45 (1842 turns).

Descartes the Shield-Bearer (Formicid Fighter)      Turns: 1842, Time: 00:03:47

Health: 0/37       AC:  7    Str: 23    XL:     4   Next: 44%
Magic:  5/5        EV:  9    Int:  7    God:
Gold:   99         SH:  5    Dex: 13    Spells: 5/5 levels left

rFire   . . .      SeeInvis +   a - +0 war axe
rCold   . . .      Faith    .   c - +0 buckler
rNeg    . . .      Spirit   .   b - +0 scale mail
rPois   .          Reflect  .   (helmet unavailable)
rElec   .          Harm     .   (no cloak)
rCorr   .          Rampage  .   (no gloves)
Will    .....                   (no boots)
Stlth   ..........              (no amulet)
HPRegen 0.12/turn               (no ring)
MPRegen 0.09/turn               (no ring)

@: no status effects
A: permanent stasis, dig shafts and tunnels, antennae 3, four strong arms
a: Dig, Shaft Self


You were on level 3 of the Dungeon.
You visited 1 branch of the dungeon, and saw 3 of its levels.

You collected 99 gold pieces.

Inventory:

Hand Weapons
 a - a +0 war axe (weapon)
Armour
 b - a +0 scale mail (worn)
 c - a +0 buckler (worn)
Scrolls
 e - a scroll of amnesia {unknown}
 f - a scroll of poison {unknown}
 h - 3 scrolls of identify {unknown}
 k - a scroll of vulnerability {unknown}
Potions
 d - a potion of might
 g - a potion of attraction {unknown}
 i - a potion of cancellation {unknown}
 j - 2 potions of brilliance {unknown}
 l - a potion of flight {unknown}
 m - 2 potions of curing {unknown}


   Skills:
 + Level 3.7 Fighting
 + Level 2.4 Axes
 + Level 3.7 Armour
 + Level 4.3 Shields
 + Level 1.1 Spellcasting
 + Level 1.3 Earth Magic
 + Level 1.2 Evocations


You had 5 spell levels left.
You didn't know any spells.
Your spell library contained the following spells:

 Spells                   Type           Power      Damage    Failure   Level
 Sting                    Tmut/Pois      0%         1d3       77%         1
 Poisonous Vapours        Pois/Air       0%         N/A       88%         2
 Lesser Beckoning         Tloc           0%         N/A       98%         3
 Olgreb's Toxic Radiance  Pois           0%         N/A       100%        4
 Manifold Assault         Tloc           0%         N/A       100%        5
 Malign Gateway           Summ/Tloc      0%         N/A       100%        7
 Summon Horrible Things   Summ           0%         N/A       100%        8
 Blink                    Tloc           Unusable   N/A       N/A         2

Dungeon Overview and Level Annotations

Branches:
Dungeon (3/15)

Altars:

Shops:
D:1 (


Innate Abilities, Weirdness & Mutations

You cannot be hasted, slowed, berserked, paralysed or teleported.
You can dig through walls and to a lower floor.
You have a pair of large antennae on your head. (SInv)
Your four strong arms can wield two-handed weapons with a shield.


Message History

You are too injured to fight recklessly!
You are too injured to fight recklessly!
You are too injured to fight recklessly!
You are too injured to fight recklessly!
You are too injured to fight recklessly!
You are too injured to fight recklessly!
You barely miss the orc. The orc hits you but does no damage.
You hit the orc but do no damage. The orc hits you but does no damage.
You hit the orc.
The orc is lightly wounded.
You block the orc's attack.
You barely miss the orc.
The orc is lightly wounded.
The orc hits you with a +0 hand axe. x2
You slash the orc!
You kill the orc!
The ball python closely misses you. The ball python misses you.
You slash the ball python!
You kill the ball python!
The orc completely misses you. The orc barely misses you.
You slash the orc!
You kill the orc!
You block the orc's attack.
You barely miss the orc. The orc barely misses you.
You block the orc's attack. x2
The orc hits you but does no damage.
You slash the orc!
You kill the orc!
The orc closely misses you.
You hit the orc.
The orc is moderately wounded.
The orc hits you with a +0 flail.
* * * LOW HITPOINT WARNING * * *
You block the orc's attack.
You hit the orc but do no damage.
The orc is moderately wounded.
The orc closely misses you. You block the orc's attack.
The orc hits you from afar with a +0 trident.
* * * LOW HITPOINT WARNING * * *
The orc hits you with a +0 flail!
You die...

###########.#...
#<........#.#..
#########.#.#.. # #.#.#.#
. { { #.#.#.####.## {
########.#.#.##....# {
{.........#...##.#..#####
#.#.........###.#......#
............@oo.#......#
#.#.........##o.........
# #.........##.).)......
############)†........
#.......... #..........
#.......... ......#####
.$.....#


You could see 3 orcs.

Vanquished Creatures
  An adder (D:2)
  A dart slug (D:2)
  5 orcs (D:3)
  5 ball pythons
  4 endoplasms (D:1)
  2 giant cockroaches (D:1)
  4 goblins
  4 hobgoblins (D:1)
  6 jackals (D:1)
  A kobold (D:3)
  2 quokkas
  5 bats (D:1)
  8 rats (D:1)
48 creatures vanquished.

Notes
Turn   | Place    | Note
-------+----------+-------------------------------------------
     0 | D:1      | Descartes the Formicid Fighter began the quest for the Orb.
     0 | D:1      | Reached XP level 1. HP: 18/18 MP: 1/1
   141 | D:1      | Reached XP level 2. HP: 24/24 MP: 2/2
   343 | D:1      | Reached XP level 3. HP: 29/29 MP: 3/3
   399 | D:1      | Reached skill level 1 in Earth Magic
   574 | D:1      | Found Befamog's Weapon Shoppe.
   631 | D:1      | Found a faded altar of an unknown god.
   805 | D:1      | Reached skill level 1 in Evocations
  1594 | D:2      | Reached skill level 1 in Spellcasting
  1594 | D:2      | Reached XP level 4. HP: 37/37 MP: 5/5
  1842 | D:3      | Slain by an orc

Illustrated notes

Levels and vault maps discovered:
D:1:      dpeg_arrival_water_fire, layout_basic,
          chequers_ecumenical_altar_simple, serial_shops,
          nicolae_shop_bloodbath_and_beyond, reono_crystal_passage,
          kennysheep_doodads
D:2:      layout_basic, dreamdust_princess_bridge, minmay_misc_feat_plants,
          chequers_avenue
D:3:      layout_basic, eino_tiny_chamber

Skill      XL: |  1  2  3 |
---------------+----------+-----
Earth Magic    | 1 |  1.3
Evocations     | 1 |  1.2
Spellcasting   | 1 |  1.1
Fighting       | |  3.7
Axes           | |  2.4
Armour         | |  3.7
Shields        | |  4.3

Action                   |  1- 3 |  4- 6 || total
-------------------------+-------+-------++-------
Melee: War axe           |   113 |    27 ||   140
Armor: Scale mail        |    80 |    18 ||    98
Dodge: Dodged            |    72 |    14 ||    86
Block: Buckler           |    33 |    16 ||    49
